 Dungeon Crawl Stone Soup version 0.23.2-40-g277498a001 (webtiles) character file.

Game seed: 6213034280305286008

37 JustSomeDude the Sneak (level 3, 0/27 HPs)
             Began as a Demonspawn Assassin on Sept 21, 2019.
             Succumbed to an adder's poison
             ... on level 2 of the Dungeon.
             The game lasted 00:01:23 (998 turns).

JustSomeDude the Sneak (Demonspawn Assassin)         Turns: 998, Time: 00:01:24

Health: 0/27       AC:  2    Str: 11    XL:     3   Next: 21%
Magic:  3/3        EV: 12    Int: 14    God:
Gold:   56         SH:  0    Dex: 15    Spells: 2/2 levels left

rFire    + . .     SeeInvis .   a - +2 dagger
rCold    . . .     Gourm    .   (no shield)
rNeg     . . .     Faith    .   c - +0 robe
rPois    .         Spirit   .   (helmet restricted)
rElec    .         Reflect  .   d - +0 cloak
rCorr    .         Harm     .   (no gloves)
MR       .....                  (no boots)
Stlth    +++.......             (no amulet)
HPRegen  0.09/turn              (no ring)
MPRegen  0.08/turn              (no ring)

@: lethally poisoned (0 -> -8), hasted, very quick
A: horns 1, clever 1, deformed body, fire resistance 1, mutation resistance 1
a: no special abilities


You were on level 2 of the Dungeon.
You were not hungry.

You visited 1 branch of the dungeon, and saw 2 of its levels.

You collected 56 gold pieces.

Inventory:

Hand Weapons
 a - a +2 dagger (weapon)
 b - a +0 blowgun
 j - a +2 spear of piercing
Missiles
 e - 8 poisoned needles
 f - 2 curare-tipped needles
Armour
 c - a +0 robe (worn)
 d - a +0 cloak (worn)
 k - a +0 large shield
 o - a +0 ring mail
Jewellery
 m - an uncursed ring of stealth {unknown}
 p - a +2 ring of dexterity {unknown}
Scrolls
 l - 2 scrolls of identify {unknown}
Comestibles
 g - 7 rations
 h - a chunk of flesh


   Skills:
 + Level 2.0 Fighting
 + Level 2.1 Short Blades
 + Level 1.7 Throwing
 + Level 1.1 Dodging
 + Level 4.4 Stealth


You had 2 spell levels left.
You didn't know any spells.
Your spell library was empty.

Dungeon Overview and Level Annotations

Branches:
Dungeon (2/15)

Altars:


Innate Abilities, Weirdness & Mutations

You have a pair of small horns on your head.
Your flesh is heat resistant. (rF+)
Your mind is acute. (Int +2)
Armour fits poorly on your strangely shaped body.
You are somewhat resistant to further mutation.


Message History

You closely miss the adder. Your headbutt misses the adder.
The adder is severely wounded.
The adder misses you.
You miss the adder.
The adder is severely wounded.
You feel sick. The adder bites you.
You are lethally poisoned!
The adder poisons you! The adder bites you.
* * * LOW HITPOINT WARNING * * *
You miss the adder. Your headbutt misses the adder.
The adder is severely wounded.
The adder bites you.
* * * LOW HITPOINT WARNING * * *
It was a potion of mutation.
You feel extremely strange.
You feel genetically stable.
Your body twists and deforms.
You feel clever.
* * * LOW HITPOINT WARNING * * *
You feel sick. The adder bites you.
* * * LOW HITPOINT WARNING * * *
It was a potion of haste.
You feel yourself speed up.
You die...

.# # # .# #.# #.. .# #.#
#.# ## #.# #.# # #.# #.#
###### #.# #.# .....#
#.# #.# ####.# #.#
####.#### #.###.##
#...@S..##
#.##.#(###.##.......#
#..[###รท)..##.......#
......## ##...##....>..#
..#.... #)...##........
........#.##..##.......#
P.#....... #...........#
#.#.....## #.###.......#
# #.....# #.# #####


You could see an adder.

Vanquished Creatures
  A worm (D:2)
  2 leopard geckos (D:1)
  A ball python (D:2)
  6 bats
  A giant cockroach (D:1)
  2 goblins
  6 hobgoblins
  3 jackals (D:1)
  A frilled lizard (D:2)
  2 kobolds
  A rat (D:1)
26 creatures vanquished.

Notes
Turn   | Place    | Note
-------+----------+-------------------------------------------
     0 | D:1      | JustSomeDude the Demonspawn Assassin began the quest for
                  | the Orb.
     0 | D:1      | Reached XP level 1. HP: 16/16 MP: 1/1
   175 | D:1      | Reached skill level 4 in Stealth
   175 | D:1      | Gained mutation: You have a pair of small horns on your
                  | head. [demonic ancestry]
   175 | D:1      | Reached XP level 2. HP: 13/22 MP: 2/2
   748 | D:2      | Gained mutation: Your flesh is heat resistant. (rF+)
                  | [demonic ancestry]
   748 | D:2      | Reached XP level 3. HP: 27/27 MP: 3/3
   822 | D:2      | Reached skill level 1 in Dodging
   997 | D:2      | Gained mutation: You are somewhat resistant to further
                  | mutation. [potion of mutation]
   997 | D:2      | Gained mutation: Armour fits poorly on your strangely
                  | shaped body. [potion of mutation]
   997 | D:2      | Gained mutation: Your mind is acute. (Int +2) [potion of
                  | mutation]
   997 | D:2      | HP: 1/27 [adder (1)]
   998 | D:2      | Succumbed to an adder's poison

Skill      XL: |  1  2  3 |
---------------+----------+-----
Stealth        | 4 |  4.4
Short Blades   | 2 |  2.1
Dodging        | 1 |  1.1
Fighting       | |  2.0
Throwing       | |  1.7

Action                   || total
-------------------------++-------
Melee: Dagger            ||    75
       Headbutt          ||     7
  Use: Potion            ||     2
 Stab: Sleeping          ||     5
Armor: Robe              ||    22
Dodge: Dodged            ||    78
